 Dungeon Crawl Stone Soup version 0.22-b1-59-g0aedee734a (webtiles) character file.

198 Kirk the Chopper (level 5, 21/38 HPs)
             Began as a Demonspawn Skald on Aug 10, 2018.
             Quit the game on level 4 of the Dungeon.
             The game lasted 00:04:53 (2390 turns).

Kirk the Chopper (Demonspawn Skald)                 Turns: 2390, Time: 00:04:53

Health: 21/38      AC:  8    Str: 12    XL:     5   Next: 47%
Magic:  2/8        EV: 12    Int: 15    God:
Gold:   145        SH:  0    Dex: 15    Spells: 6/9 levels left

rFire    . . .     SeeInvis .   a - +0 hand axe
rCold    . . .     Gourm    .   (no shield)
rNeg     . . .     Faith    .   b - +0 leather armour
rPois    .         Spirit   +   j - +2 helmet
rElec    .         Reflect  .   (no cloak)
rCorr    .         Harm     .   (no gloves)
MR       .....                  (no boots)
Stlth    +.........             (no amulet)
HPRegen  0.12/turn              h - +3 ring of dexterity
MPRegen  0.11/turn              (no ring)

@: no status effects
A: molten scales 1, magic shield, rot immunity
a: no special abilities


You were on level 4 of the Dungeon.
You were not hungry.

You visited 1 branch of the dungeon, and saw 4 of its levels.

You collected 145 gold pieces.

Inventory:

Hand Weapons
 a - a +0 hand axe (weapon)
Missiles
 l - a throwing net (quivered)
Armour
 b - a +0 leather armour (worn)
 j - a +2 helmet (worn)
 k - a +0 ring mail
Jewellery
 h - a +3 ring of dexterity (left hand)
 o - an uncursed ring of stealth
Scrolls
 c - a scroll of amnesia
 e - 2 scrolls of remove curse
Potions
 f - 2 potions of ambrosia
 n - a potion of agility
 q - a potion of heal wounds
Comestibles
 d - 5 rations


   Skills:
 - Level 2.0 Fighting
 * Level 4.5 Axes
 - Level 0.8 Armour
 - Level 1.7 Dodging
 + Level 2.5 Spellcasting
 + Level 3.4 Charms


You had 6 spell levels left.
You knew the following spells:

 Your Spells              Type           Power        Failure   Level  Hunger
a - Infusion              Chrm           ##..         7%          1    #......
b - Song of Slaying       Chrm           ##......     10%         2    ###....

Your spell library contained the following spells:

 Spells                   Type           Power        Failure   Level  Hunger
 Regeneration             Chrm/Necr      #.........   36%         3    ###....
 Shroud of Golubria       Chrm/Tloc      #.........   21%         2    ###....
 Spectral Weapon          Hex/Chrm       #.......     36%         3    ###....


Dungeon Overview and Level Annotations

Branches:
Dungeon (4/15)
 Temple: D:4-7

Altars:
Makhleb
Nemelex Xobeh
Uskayaw
Vehumet


Innate Abilities, Weirdness & Mutations

You are partially covered in molten scales. (AC +2)
When hurt, damage is shared between your health and your magic reserves.
You are immune to rotting.


Message History

The phantom is severely damaged.
Your magical infusion is running out.
The phantom barely misses you.
You hit the phantom.
The phantom is severely damaged.
The phantom hits you.
You hit the phantom.
The phantom is almost destroyed.
The phantom blinks!
You swing at nothing.
You swing at nothing.
You swing at nothing.
You are no longer magically infusing your attacks.
You hit the phantom.
You destroy the phantom!
Your Axes skill increases to level 4!
You have reached level 5!
Your demonic ancestry asserts itself...
You feel your magical essence form a protective shroud around your flesh.
Are you sure you want to abandon this character and quit the game? (Confirm with "yes".)

##******#########
#..,,,,,........#
##.#####******#<#
#...............#
*..)...#######..#*****
**,#............#*,,,*
*,#............##,*,*
*,*#.@...........,*,*
*,*#..##.^.....##**,*
*,*#.)#.......##***,*
*,*#..#...#...$..,,,*
*,*#..#...#.#####*****
*,*##.##..#.# *,,,
*,,,..#...#,#******,**
****####.##,,,,,,,,,**
*,,,,,,********


There were no monsters in sight!

Vanquished Creatures
  A phantom (D:4)
  3 adders
  An ooze (D:1)
  6 dart slugs
  A leopard gecko (D:1)
  An orc (D:3)
  2 ball pythons (D:1)
  3 giant cockroaches (D:1)
  7 goblins
  8 hobgoblins
  3 jackals (D:1)
  3 quokkas
  9 bats
  7 frilled lizards
  7 kobolds
  10 rats
72 creatures vanquished.

Notes
Turn   | Place    | Note
-------+----------+-------------------------------------------
     0 | D:1      | Kirk the Demonspawn Skald began the quest for the Orb.
     0 | D:1      | Reached XP level 1. HP: 16/16 MP: 3/3
    44 | D:1      | Reached skill level 2 in Axes
   220 | D:1      | Gained mutation: You are partially covered in molten scales. (AC +2) [demonic ancestry]
   220 | D:1      | Reached XP level 2. HP: 18/22 MP: 5/5
   494 | D:1      | Gained mutation: You are immune to rotting. [demonic ancestry]
   494 | D:1      | Reached XP level 3. HP: 26/27 MP: 6/6
   681 | D:2      | Found a radiant altar of Vehumet.
   681 | D:2      | Found a burning altar of Makhleb.
   871 | D:2      | Reached skill level 3 in Axes
   975 | D:2      | Reached XP level 4. HP: 27/33 MP: 3/7
  1014 | D:2      | Learned a level 2 spell: Song of Slaying
  1962 | D:3      | Found a hide-covered altar of Uskayaw.
  2154 | D:3      | Found a sparkling altar of Nemelex Xobeh.
  2323 | D:4      | Noticed a phantom
  2389 | D:4      | Killed a phantom
  2389 | D:4      | Reached skill level 4 in Axes
  2389 | D:4      | Gained mutation: When hurt, damage is shared between your health and your magic reserves. [demonic ancestry]
  2389 | D:4      | Reached XP level 5. HP: 21/38 MP: 2/8
  2390 | D:4      | Quit the game

Skill      XL: |  1  2  3  4 |
---------------+-------------+-----
Axes           | 2 3 4 |  4.5
Charms         | 3 |  3.4
Fighting       | |  2.0
Armour         | |  0.8
Dodging        | |  1.7
Spellcasting   | |  2.5

Action                   |  1- 3 |  4- 6 || total
-------------------------+-------+-------++-------
Melee: Hand axe          |   119 |   119 ||   238
 Cast: Infusion          |     5 |     1 ||     6
  Use: Scroll            |       |     8 ||     8
 Stab: Sleeping          |     1 |     5 ||     6
  Eat: Chunk             |       |     5 ||     5
Armor: Leather armour    |    64 |    43 ||   107
Dodge: Dodged            |   102 |    54 ||   156
